 Dungeon Crawl Stone Soup version 0.31-a0-1611-g890cdf5628 (webtiles) character file.

Game seed: 8569860728252608211

26089 jasper the Severer (level 12, -4/118 HPs)
             Began as a Minotaur Cinder Acolyte on Jan 8, 2024.
             Was a Follower of Ignis.
             Slain by a wraith (7 damage)
             ... led by Josephine
             ... on level 11 of the Dungeon.
             The game lasted 00:25:29 (11379 turns).

jasper the Severer (Minotaur Cinder Acolyte)       Turns: 11379, Time: 00:25:30

Health: -4/118     AC: 23    Str: 24    XL:     12   Next: 95%
Magic:  12/12      EV:  9    Int: 11    God:    Ignis [*.....]
Gold:   42         SH:  9    Dex:  6    Spells: 13/13 levels left

rFire   + . .        h - +6 broad axe
rCold   + . .        L - +0 kite shield
rNeg    + . .        k - +6 swamp dragon scales "Usurr" {rPois Stlth+}
rPois   +            (helmet restricted)
rElec   .            G - +2 cloak {rCorr}
rCorr   +            d - +1 pair of gloves
SInv    .            (no boots)
Will    .....        (no amulet)
Stlth   +            o - ring of positive energy
HPRegen 0.39/turn    p - ring of resist corrosion
MPRegen 0.13/turn

%: no passive effects
@: slowed, very slow
A: horns 2, retaliatory headbutt, claws 1, cold resistance 1, subdued magic 1
a: Renounce Religion, Fiery Armour, Foxfire Swarm, Rising Flame


You were on level 11 of the Dungeon.
You worshipped Ignis.
Ignis was aware of your devotion.
You visited 2 branches of the dungeon, and saw 13 of its levels.
You also visited: Bailey.

You collected 606 gold pieces.
You spent 564 gold pieces at shops.

Inventory:

Hand Weapons
 a - a +0 hand axe of flaming
 h - a +6 broad axe (weapon)
 j - a +0 sling
 q - a +2 heavy hand axe
 t - a +0 sling of freezing
 A - a +0 war axe
Missiles
 m - 5 atropa-tipped darts (quivered)
 r - 11 poisoned darts
 v - 4 throwing nets
 F - 36 stones
 M - 4 darts of dispersal
 X - 4 javelins
Armour
 b - a +0 robe
 d - a +1 pair of gloves (worn)
 g - a +0 leather armour
 k - the +6 swamp dragon scales "Usurr" (worn) {rPois Stlth+}
   (You acquired it on level 3 of the Dungeon)

   rPois:     It protects you from poison Stlth+: It makes you more stealthy.
 l - a +0 leather armour of willpower
 u - a +0 scale mail
 y - a +0 buckler
 G - a +2 cloak of preservation (worn)
 L - a +0 kite shield (worn)
Jewellery
 c - a ring of magical power
 o - a ring of positive energy (left hand)
 p - a ring of resist corrosion (right hand)
 C - the ring of Compassion {Dex+2 SInv}
   (You took it off an orc warrior in a bailey)

   [ring of see invisible]

   Dex+2:     It affects your dexterity (+2).
   SInv:      It lets you see invisible.
 H - a +6 ring of intelligence
 K - a +6 ring of dexterity
Wands
 e - a wand of polymorph (12)
 x - a wand of flame (4)
 P - a wand of charming (7)
 U - a wand of acid (4)
Scrolls
 s - 2 scrolls of enchant weapon
 z - 2 scrolls of poison
 B - a scroll of summoning
 D - a scroll of teleportation
 N - a scroll of enchant armour
 Q - a scroll of amnesia
 R - a scroll of fog
 W - 2 scrolls of identify
Potions
 f - 2 potions of magic
 i - 2 potions of attraction
 n - 3 potions of haste
 w - 8 potions of curing
 E - a potion of brilliance
 I - a potion of enlightenment
 J - 2 potions of might
 O - 3 potions of heal wounds
 S - a potion of resistance
 T - a potion of ambrosia
 V - a potion of mutation


   Skills:
 + Level 14.3 Fighting
 + Level 16.5 Axes
 + Level 13.8 Armour
 + Level 7.6 Shields
 - Level 1.0 Spellcasting
 - Level 2.1 Fire Magic


You had 13 spell levels left.
You didn't know any spells.
Your spell library contained the following spells:

 Spells                   Type           Power      Damage    Failure   Level
 Scorch                   Fire           8%         2d5       41%         2
 Apportation              Tloc           0%         N/A       58%         1
 Freeze                   Ice            0%         1d3       58%         1
 Ensorcelled Hibernation  Hex/Ice        0%         N/A       73%         2
 Jinxbite                 Hex            0%         N/A       73%         2
 Inner Flame              Hex/Fire       2%         N/A       82%         3
 Frozen Ramparts          Ice            0%         1d1       92%         3
 Hailstorm                Conj/Ice       0%         3d5       92%         3
 Passwall                 Erth           0%         N/A       92%         3
 Swiftness                Air            0%         N/A       92%         3
 Alistair's Intoxication  Alch           0%         N/A       100%        5
 Irradiate                Conj/Alch      0%         3d11      100%        5
 Summon Forest            Summ/Tloc      0%         N/A       100%        5
 Yara's Violent Unravell  Hex/Alch       0%         3d3       100%        5
 Eringya's Noxious Bog    Alch           0%         4d6       100%        6
 Enfeeble                 Hex            0%         N/A       100%        7
 Summon Hydra             Summ           0%         N/A       100%        7
 Ignition                 Fire           2%         3d3       100%        8


Dungeon Overview and Level Annotations

Branches:
Dungeon (11/15)            Temple (0/1) D:5            Lair (2/5) D:8
 Bailey (visited)
  Swamp: Lair:2-3    Shoals: Lair:2-3     Snake: Lair:2-3    Spider: Lair:2-3
    Orc: D:9-12

Altars:
Ashenzari
Cheibriados
Dithmenos
Elyvilon
Fedhas
Gozag
Makhleb
Nemelex Xobeh
Sif Muna
Vehumet

Shops:
D:10 !

Annotations:
D:5 Grinder, Prince Ribbit
D:8 3 runed translucent doors, sirboomalot's ghost, novice OpFi


Innate Abilities, Weirdness & Mutations

You have a pair of horns on your head.
You reflexively headbutt those who attack you in melee.
You have sharp fingernails.
Your flesh is cold resistant. (rC+)
Your spells are a little easier to cast, but a little less powerful.


Message History

The wraith drains your vigour!
You feel as though you will be slow longer.
The centaur warrior zombie hits you!
The centaur warrior zombie kicks you but does no damage.
The wraith hits you but does no damage. x2; The wraith barely misses you.
You take 7 damage, and have 63/117 hp.
You slice the wraith!!
You destroy the wraith!
You barely miss the two-headed ogre. You closely miss the wraith.
You slash the centaur warrior zombie! You hit the wraith but do no damage.
The centaur warrior zombie hits you!
You block the centaur warrior zombie's attack.
The wraith hits you but does no damage. You block the wraith's attack.
The two-headed ogre hits you with a +0 giant spiked club! x2
* * * LOW HITPOINT WARNING * * *
The centaur warrior zombie hits you but does no damage.
The centaur warrior zombie barely misses you.
You take 39 damage, and have 24/118 hp.
MASSIVE DAMAGE!!
The centaur warrior zombie hits you.
* * * LOW HITPOINT WARNING * * *
The centaur warrior zombie closely misses you.
The wraith barely misses you. You block the two-headed ogre's attack.
The two-headed ogre hits you with a +0 giant spiked club!!
* * * LOW HITPOINT WARNING * * *
You block the centaur warrior zombie's attack.
The centaur warrior zombie kicks you but does no damage.
You take 23 damage, and have 1/118 hp.
Okay, then.
You feel much better. The wraith hits you.
* * * LOW HITPOINT WARNING * * *
You block the wraith's attack.
The centaur warrior zombie hits you but does no damage.
The centaur warrior zombie closely misses you.
The wraith hits you!
* * * LOW HITPOINT WARNING * * *
The two-headed ogre hits you with a +0 giant spiked club!
* * * LOW HITPOINT WARNING * * *
The two-headed ogre hits you but does no damage.
The wraith hits you!
You die...

##...#...###..##
...#...........#####..##
................##....#.
...................##...
.....$.......##.###...#.
.>..........##...###)###
...........###...###...#
......../..##...........
......W@O..#..###.....##
....8.ZW.......##%..#.#
...............#....###
...............###.##
8#...###.#......####
#### #####...## #####


You could see a two-headed ogre, 2 wraiths and a centaur warrior zombie.

Vanquished Creatures
  An orc warlord (Bailey)
  Josephine (D:11)
  Harold (D:9)
  5 two-headed ogres
  2 orc knights (Bailey)
  A manticore (D:11)
  Maurice (D:8)
  2 wolf spiders (Lair:1)
  A cyclops (D:11)
  6 centaur zombies (D:11)
  A cane toad (Lair:1)
  A gargoyle (D:11)
  A rime drake (Lair:1)
  Jeremiah (D:8)
  A komodo dragon (Lair:1)
  2 kobold demonologists (D:10)
  Psyche (D:8)
  4 trolls
  A meliai zombie (D:11)
  A wyvern (D:11)
  A shadow (D:11)
  3 wraiths (D:11)
  A vampire (D:10)
  17 yaks
  2 basilisks (Lair:1)
  10 water moccasins
  10 orc warriors
  2 black bears (D:6)
  An ice beast (D:8)
  2 centaurs
  2 ogres
  7 wolves
  4 kobold brigands
  3 bullfrogs
  2 gnoll sergeants (D:9)
  4 scorpions
  27 wights
  6 killer bees (D:8)
  2 oklob saplings (D:8)
  3 electric eels (D:8)
  A howler monkey (D:9)
  A crimson imp (D:3)
  A jelly (D:6)
  7 hounds
  4 orc priests
  A sleepcap (D:7)
  Jessica (D:2)
  A gnoll bouda (D:7)
  4 iguanas
  Natasha (D:2)
  3 orc wizards
  23 gnolls
  9 adders
  3 shadow imps
  5 white imps
  2 ufetubi (D:6)
  A dart slug (D:2)
  26 orcs
  2 endoplasms
  2 giant cockroaches
  23 goblins
  15 hobgoblins
  7 jackals
  4 quokkas
  11 ball pythons
  2 bats
  7 frilled lizards
  11 kobolds
  7 rats
329 creatures vanquished.

Vanquished Creatures (others)
  A ball python (D:8)
1 creature vanquished.

Grand Total: 330 creatures vanquished

Notes
Turn   | Place    | Note
-------+----------+-------------------------------------------
     0 | D:1      | jasper the Minotaur Cinder Acolyte began the quest for the
                  | Orb.
     0 | D:1      | Reached XP level 1. HP: 19/19 MP: 1/1
    46 | D:1      | Reached skill level 4 in Axes
    74 | D:1      | Reached XP level 2. HP: 26/26 MP: 2/2
   548 | D:2      | Found a faded altar of an unknown god.
   624 | D:2      | Reached skill level 5 in Axes
   628 | D:2      | Reached XP level 3. HP: 26/31 MP: 3/3
   715 | D:2      | Noticed Jessica
   718 | D:2      | Killed Jessica
   822 | D:2      | Noticed Natasha
   828 | D:2      | Killed Natasha
   829 | D:2      | Reached skill level 6 in Axes
   829 | D:2      | Reached XP level 4. HP: 17/39 MP: 4/4
  1150 | D:3      | Reached skill level 7 in Axes
  1150 | D:3      | Reached XP level 5. HP: 28/45 MP: 5/5
  1268 | D:3      | Found a broken altar of Ashenzari.
  1694 | D:3      | Found a burning altar of Makhleb.
  1695 | D:3      | Found a radiant altar of Vehumet.
  1846 | D:3      | Identified a scroll of acquirement
  1846 | D:3      | Acquired the +6 swamp dragon scales "Usurr" {rPois Stlth+}
  1868 | D:3      | Found a blossoming altar of Fedhas.
  1869 | D:3      | Found a sparkling altar of Nemelex Xobeh.
  2715 | D:5      | Entered Level 5 of the Dungeon
  2715 | D:5      | Noticed Grinder
  2730 | D:5      | Found a staircase to the Ecumenical Temple.
  2731 | D:5      | Noticed Prince Ribbit
  2866 | D:6      | Reached skill level 8 in Axes
  2931 | D:6      | Reached XP level 6. HP: 51/51 MP: 6/6
  3009 | D:6      | Found a snail-covered altar of Cheibriados.
  3010 | D:6      | Found an opulent altar of Gozag.
  3048 | D:6      | Reached skill level 9 in Axes
  3053 | D:6      | Noticed a water moccasin
  3058 | D:6      | Killed a water moccasin
  3059 | D:6      | Reached XP level 7. HP: 48/57 MP: 7/7
  3069 | D:6      | Reached skill level 10 in Axes
  3451 | D:6      | Reached skill level 11 in Axes
  3639 | D:7      | Reached XP level 8. HP: 42/64 MP: 8/8
  3712 | D:7      | Found a flagged portal.
  3720 | D:7      | Reached skill level 12 in Axes
  3766 | Bailey   | Entered a bailey
  3975 | Bailey   | Noticed an orc knight
  3986 | Bailey   | Reached skill level 1 in Armour
  3993 | Bailey   | Killed an orc knight
  3994 | Bailey   | Reached skill level 13 in Axes
  3999 | Bailey   | Reached skill level 5 in Fighting
  4117 | Bailey   | Identified the ring of Compassion {Dex+2 SInv}
  4128 | Bailey   | Reached XP level 9. HP: 46/74 MP: 9/9
  4262 | Bailey   | Noticed an orc knight
  4286 | Bailey   | Killed an orc knight
  4425 | Bailey   | Noticed an orc warlord
  4446 | Bailey   | Gained mutation: You do not regenerate when monsters are
                  | visible. [potion of mutation]
  4446 | Bailey   | Gained mutation: Your flesh is cold resistant. (rC+)
                  | [potion of mutation]
  4446 | Bailey   | Gained mutation: Your movements are slightly less
                  | encumbered by armour. (ER -2) [potion of mutation]
  4453 | Bailey   | Reached skill level 14 in Axes
  4532 | Bailey   | Reached skill level 10 in Armour
  4532 | Bailey   | Reached XP level 10. HP: 52/95 MP: 10/10
  4649 | Bailey   | Killed an orc warlord
  5086 | D:7      | Found a white marble altar of Elyvilon.
  5090 | D:7      | Found a shimmering blue altar of Sif Muna.
  5899 | D:8      | Noticed a two-headed ogre
  5911 | D:8      | Killed a two-headed ogre
  5912 | D:8      | Reached skill level 1 in Shields
  5912 | D:8      | Reached XP level 11. HP: 96/104 MP: 11/11
  6205 | D:8      | Found a staircase to the Lair.
  6401 | D:8      | Noticed Maurice
  6420 | D:8      | Something stole the ring of Compassion {Dex+2 SInv}
  6422 | D:8      | Something stole a +2 heavy hand axe
  6423 | D:8      | Something stole 258 gold
  6425 | D:8      | Killed Maurice
  6569 | Lair:1   | Entered Level 1 of the Lair of Beasts
  6590 | Lair:1   | Noticed a wolf spider
  6593 | Lair:1   | Noticed a wolf spider
  6599 | Lair:1   | Killed a wolf spider
  6606 | Lair:1   | Killed a wolf spider
  7064 | Lair:1   | Reached skill level 15 in Axes
  7458 | Lair:2   | Noticed a death yak
  7458 | Lair:2   | Noticed a death yak
  7468 | Lair:2   | Noticed a death yak
  7470 | Lair:2   | Noticed a death yak
  7472 | Lair:2   | Noticed a death yak
  7478 | Lair:2   | Noticed a death yak
  7486 | Lair:2   | Noticed a seven-headed hydra
  7491 | Lair:2   | Noticed a catoblepas
  8143 | D:8      | Noticed Psyche
  8148 | D:8      | Killed Psyche
  8155 | D:8      | Noticed Jeremiah
  8194 | D:8      | Killed Jeremiah
  8366 | D:8      | Found a runed translucent gate.
  8366 | D:8      | Found a runed translucent gate.
  8366 | D:8      | Found an opulent altar of Gozag.
  8368 | D:8      | Found a runed translucent gate.
  8370 | D:8      | Noticed sirboomalot's ghost (novice OpFi)
  9229 | D:9      | Noticed Harold
  9246 | D:9      | Killed Harold
  9247 | D:9      | Reached XP level 12. HP: 55/115 MP: 12/12
  9268 | D:9      | Noticed a two-headed ogre
  9275 | D:9      | Killed a two-headed ogre
  9508 | D:9      | Reached skill level 5 in Shields
  9565 | D:9      | Noticed a two-headed ogre
  9575 | D:9      | Killed a two-headed ogre
  9800 | D:9      | Found a shadowy altar of Dithmenos.
 10102 | D:10     | Entered Level 10 of the Dungeon
 10145 | D:10     | Lost mutation: Your movements are slightly less encumbered
                  | by armour. (ER -2) [potion of mutation]
 10145 | D:10     | Lost mutation: You do not regenerate when monsters are
                  | visible. [potion of mutation]
 10145 | D:10     | Gained mutation: Your spells are a little easier to cast,
                  | but a little less powerful. [potion of mutation]
 10145 | D:10     | Gained mutation: You have sharp fingernails. [potion of
                  | mutation]
 10239 | D:10     | Reached skill level 16 in Axes
 10381 | D:10     | Found Obank's Distillery.
 10389 | D:10     | Bought a potion of heal wounds for 60 gold pieces
 10389 | D:10     | Bought 2 potions of curing for 72 gold pieces
 10389 | D:10     | Bought a potion of resistance for 120 gold pieces
 10389 | D:10     | Bought a potion of curing for 36 gold pieces
 10389 | D:10     | Bought a potion of haste for 120 gold pieces
 10389 | D:10     | Bought a potion of heal wounds for 60 gold pieces
 10500 | D:10     | Bought a potion of ambrosia for 96 gold pieces
 10821 | D:11     | Noticed a two-headed ogre
 10828 | D:11     | Killed a two-headed ogre
 11134 | D:11     | Noticed a two-headed ogre
 11143 | D:11     | Killed a two-headed ogre
 11357 | D:11     | Noticed Josephine
 11367 | D:11     | Killed Josephine
 11372 | D:11     | Noticed a two-headed ogre
 11378 | D:11     | HP: 1/118 [two-headed ogre/+0 giant spiked club (20)]
 11379 | D:11     | Slain by a wraith

Illustrated notes

Levels and vault maps discovered:
D:1:      roderic_crossed_star, layout_rooms, minmay_pentomino_p2
D:2:      layout_basic, dreamdust_ecumenical_altar_grove, uniq_jessica,
          uniq_natasha
D:3:      layout_loops_ring, grunt_temple_overflow_lords_of_destruction,
          gammafunk_temple_overflow_statue, amcnicky_altar_gilded
D:4:      layout_rooms
D:5:      layout_gridville, minmay_temple_entry_butterflies,
          kennysheep_small_circle, uniq_grinder, uniq_prince_ribbit1
D:6:      layout_loops_cross, mainiacjoe_overflow_large_starburst
D:7:      layout_rooms, mainiacjoe_overflow_big_doors, enter_bailey_8
D:8:      layout_layer_cave, erik_lair_island, ebering_ghost_gozag,
          introduction_to_nature_1, uniq_jeremiah, uniq_maurice, uniq_psyche
D:9:      layout_loops_ring, kennysheep_little_box, uniq_harold
D:10:     layout_small_grid, serial_shops,
          nicolae_shop_temple_entry_statues_fountains
D:11:     layout_cave_pools, serial_undead, serial_undead_c, serial_undead_e,
          serial_undead_e, serial_undead_d, uniq_josephine
Lair:1:   layout_cave_pods, nicolae_lair_run_with_the_wolves,
          grunt_megastairs_4, infiniplex_staircase_pool_2, serial_bayou_shore_a
Lair:2:   layout_small_grid, elwin_shoals_entry_stream, beast_lair_carwin_4,
          uniq_urug, uniq_sonja

Skill      XL: |  1  2  3  4  5  6  7  8  9 10 11 12 |
---------------+-------------------------------------+-----
Axes           | 4 5 6 7 8 9 11 13 14 15 16 | 16.5
Armour         | 3 10 11 12 13 | 13.8
Fighting       | 5 11 13 14 | 14.3
Shields        | 1 4 7 |  7.6
Spellcasting   | |  1.0
Fire Magic     | |  2.1

Action                     |  1- 3 |  4- 6 |  7- 9 | 10-12 || total
---------------------------+-------+-------+-------+-------++-------
  Melee: Hand axe          |    58 |   160 |    83 |       ||   301
         Headbutt          |     5 |    10 |    30 |    80 ||   125
         Punch             |       |     1 |     1 |     1 ||     3
         War axe           |       |       |    85 |    16 ||   101
         Broad axe         |       |       |       |   465 ||   465
   Fire: Sling             |       |     6 |       |     3 ||     9
  Throw: Dart              |       |     3 |       |     7 ||    10
         Throwing net      |       |       |       |     1 ||     1
 Invoke: Fiery Armour      |     1 |     2 |     4 |     3 ||    10
  Evoke: Wand              |       |       |     1 |     8 ||     9
    Use: Scroll            |     3 |    13 |     3 |     7 ||    26
         Potion            |       |       |     6 |     5 ||    11
   Stab: Sleeping          |       |       |       |     1 ||     1
 Armour: Robe              |    12 |       |       |       ||    12
         Leather armour    |    24 |    20 |       |       ||    44
         Swamp dragon scal |       |    61 |   119 |   426 ||   606
         Scale mail        |       |    23 |       |       ||    23
         Skin              |       |       |       |    30 ||    30
  Dodge: Dodged            |    34 |    69 |    76 |   216 ||   395
  Block: Buckler           |       |       |       |    36 ||    36
         Kite shield       |       |       |       |    81 ||    81

Table legend: (Time is in decaauts)
 A = Elapsed time spent in this place.
 B = Non-inter-level travel time spent in this place.
 C = Inter-level travel time spent in this place.
 D = Time resting spent in this place.
 E = Time spent auto-exploring this place.
 F = Levels seen in this place.
 G = Mean time per level.
                   A        B        C        D        E       F      G
               +--------+--------+--------+--------+--------+-----+--------+
         Total |  11283 |  10701 |    582 |   2094 |   5504 |  14 |  805.9 |
       Dungeon |   9170 |   8652 |    518 |   1139 |   5014 |  11 |  833.6 |
          Lair |    988 |    924 |     64 |    293 |    413 |   2 |  494.0 |
        Bailey |   1124 |   1124 |      0 |    662 |     76 |   1 | 1124.0 |
               +--------+--------+--------+--------+--------+-----+--------+

Top non-repeatable levels by time:
     D:8: 2364 daAuts
  Bailey: 1124 daAuts
     D:9: 1088 daAuts
     D:3: 989 daAuts
     D:7: 865 daAuts
     D:6: 737 daAuts
     D:4: 726 daAuts
    D:10: 704 daAuts
  Lair:1: 672 daAuts
    D:11: 565 daAuts
     D:1: 537 daAuts
     D:2: 511 daAuts
  Lair:2: 316 daAuts
     D:5: 80 daAuts
